 Dungeon Crawl Stone Soup version 0.26.1-2-gb8aa6d0cf2 (webtiles) character file.

Game seed: 9826129316352581235

168 Chiseanne the Ducker (level 5, 3/39 HPs)
             Began as a Demonspawn Wanderer on Mar 3, 2021.
             Quit the game on level 2 of the Dungeon.
             The game lasted 00:02:23 (2156 turns).

Chiseanne the Ducker (Demonspawn Wanderer)          Turns: 2156, Time: 00:02:23

Health: 3/39       AC:  7    Str: 12    XL:     5   Next: 23%
Magic:  5/5        EV: 11    Int: 13    God:
Gold:   110        SH:  4    Dex: 14    Spells: 4/4 levels left

rFire    . . .     SeeInvis .   a - +2 short sword
rCold    . . .     Faith    .   c - +0 buckler
rNeg     . . .     Spirit   .   q - +0 ring mail
rPois    .         Reflect  .   (no helmet)
rElec    .         Harm     .   (no cloak)
rCorr    .         Rampage  .   (no gloves)
Will     .....                  (no boots)
Stlth    +.........             (no amulet)
HPRegen  0.13/turn              (no ring)
MPRegen  0.09/turn              (no ring)

@: mighty, hasted, very quick
A: talons 1, yellow scales 1, powered by pain 1
a: no special abilities


You were on level 2 of the Dungeon.
You visited 1 branch of the dungeon, and saw 2 of its levels.

You collected 110 gold pieces.

Inventory:

Hand Weapons
 a - a +2 short sword (weapon)
 e - a +0 dagger
Missiles
 i - 84 stones (quivered)
 j - 17 arrows
 k - 19 bolts
 m - 11 sling bullets
Armour
 c - a +0 buckler (worn)
 q - a +0 ring mail (worn)
Jewellery
 l - an uncursed ring of protection from fire {unknown}
 s - a cursed amulet of inaccuracy {unknown}
Scrolls
 d - a scroll of amnesia {unknown}
 f - 2 scrolls of teleportation {unknown}
 g - a scroll of blinking {unknown}
 h - a scroll of enchant weapon {unknown}
 p - a scroll of fog {unknown}
 t - 2 scrolls of identify {unknown}
Potions
 b - a potion of lignification
 o - a potion of flight {unknown}


   Skills:
 * Level 2.7 Fighting
 - Level 1.7(1.9) Short Blades
 - Level 1.0(1.5) Long Blades
 * Level 1.6 Armour
 * Level 3.0 Dodging
 - Level 2.6 Stealth
 * Level 2.5 Shields


You had 4 spell levels left.
You didn't know any spells.
Your spell library was empty.

Dungeon Overview and Level Annotations

Branches:
Dungeon (2/15)

Altars:
Kikubaaqudgha
Makhleb
Vehumet


Innate Abilities, Weirdness & Mutations

You have sharp toenails.
You are partially covered in yellow scales. (AC +2)
You sometimes gain a little power by taking damage.


Message History

The vampire bat draws strength from your injuries!
The vampire bat bites you but does no damage.
You hit the vampire bat.
The vampire bat is severely damaged.
The vampire bat bites you.
* * * LOW HITPOINT WARNING * * *
The vampire bat draws strength from your injuries!
It was a potion of might.
You feel very mighty all of a sudden.
The vampire bat bites you but does no damage.
You puncture the vampire bat!
You destroy the vampire bat!
The vampire bat bites you but does no damage.
You puncture the vampire bat!
You destroy the vampire bat!
Your Dodging skill increases to level 3!
You have reached level 5!
Your demonic ancestry asserts itself...
Your toenails lengthen and sharpen.
Are you sure you want to abandon this character and quit the game? (Confirm with "yes".)

#####.####.##..## .# #
##........#.##...##.#.#
#.).##.##.#.##.........
.......................
#...##.##.#####...####.
##.#...##.# #..##
#.#.####.# #.##
########## ##.#
##.#.#.###### #@####
##.⌠.#.⌠.#...###.Y..#
#.#.#.#.#.#.#.#####.#
...#.⌠.#.⌠.#.⌠.####.#
⌠.⌠.#.#.#.#.#..'.##.##
._...#.⌠.#.⌠.#.'Y....#
⌠.⌠.#.#.#.#.#..'.##..#
#.bY#.⌠.#.⌠.####...#
#.#.#.#.#.#.## ...#.#


You could see an ice beast.

Vanquished Creatures
  2 vampire bats (D:2)
  A worker ant (D:2)
  2 adders (D:2)
  An ooze (D:1)
  A ball python (D:1)
  6 bats
  3 bat skeletons (D:2)
  2 bat zombies (D:2)
  5 giant cockroaches
  8 hobgoblins
  2 quokkas (D:2)
  A frilled lizard (D:2)
  4 goblins
  2 kobolds
  4 rats
44 creatures vanquished.

Notes
Turn   | Place    | Note
-------+----------+-------------------------------------------
     0 | D:1      | Chiseanne the Demonspawn Wanderer began the quest for the
                  | Orb.
     0 | D:1      | Chiseanne set off with the following items: a +2 short
                  | sword, a potion of lignification, a +0 buckler, a +0 robe,
                  | a +0 dagger
     0 | D:1      | Reached XP level 1. HP: 15/15 MP: 1/1
   252 | D:1      | Reached skill level 2 in Dodging
   329 | D:1      | Gained mutation: You sometimes gain a little power by
                  | taking damage. [demonic ancestry]
   329 | D:1      | Reached XP level 2. HP: 21/21 MP: 2/2
  1180 | D:2      | Reached XP level 3. HP: 23/27 MP: 3/3
  1673 | D:2      | Gained mutation: You are partially covered in yellow
                  | scales. (AC +2) [demonic ancestry]
  1673 | D:2      | Reached XP level 4. HP: 30/33 MP: 4/4
  1907 | D:2      | Found a burning altar of Makhleb.
  1907 | D:2      | Found a radiant altar of Vehumet.
  1918 | D:2      | Reached skill level 1 in Armour
  2116 | D:2      | Found an ancient bone altar of Kikubaaqudgha.
  2116 | D:2      | Noticed an ice beast
  2155 | D:2      | Reached skill level 3 in Dodging
  2155 | D:2      | Gained mutation: You have sharp toenails. [demonic
                  | ancestry]
  2155 | D:2      | Reached XP level 5. HP: 3/39 MP: 5/5
  2156 | D:2      | Quit the game

Illustrated notes

Levels and vault maps discovered:
D:1:      onia_arrival_pentagram, layout_basic
D:2:      layout_loops_corners, amethyst_overflow_temple_binary,
          kennysheep_vampire_church

Skill      XL: |  1  2  3  4 |
---------------+-------------+-----
Dodging        | 2 3 |  3.0
Fighting       | 2 |  2.7
Shields        | 2 |  2.5
Armour         | 1 |  1.6
Short Blades   | |  1.7
Long Blades    | |  1.0
Stealth        | |  2.6

Action                   |  1- 3 |  4- 6 || total
-------------------------+-------+-------++-------
Melee: Short sword       |   100 |    48 ||   148
  Use: Potion            |       |     2 ||     2
 Stab: Sleeping          |     4 |     1 ||     5
Armor: Robe              |     3 |       ||     3
       Ring mail         |    31 |    32 ||    63
Dodge: Dodged            |    43 |    36 ||    79
Block: Buckler           |    16 |    13 ||    29
